 Dungeon Crawl Stone Soup version 0.24-a0-613-g1ff6aac (webtiles) character file.

Game seed: 3190710047207028136, levelgen mode: deterministic

15921 Dorkslayer the Carver (level 12, 0/85 HPs)
             Began as an Octopode Fighter on Sept 9, 2019.
             Was a High Priest of Dithmenos.
             Slain by an ice beast (5 damage)
             ... summoned by an ice statue
             ... in an ice cave on Sept 11, 2019.
             The game lasted 01:18:26 (11431 turns).

Dorkslayer the Carver (Octopode Fighter)           Turns: 11431, Time: 01:18:27

Health: 0/85       AC:  6    Str: 20    XL:     12   Next: 32%
Magic:  7/18       EV: 16    Int: 17    God:    Dithmenos [*****.]
Gold:   204        SH: 12    Dex: 11    Spells: 11/19 levels left

rFire    . . .     SeeInvis .   f - +7 long sword
rCold    . . .     Gourm    .   b - +2 shield
rNeg     . . .     Faith    .   (helmet restricted)
rPois    .         Spirit   .   t - amulet of regeneration
rElec    .         Reflect  .   q - +3 ring of protection
rCorr    .         Harm     .   F - +6 ring of intelligence
MR       .....     Rnd*Tele +   E - ring of teleportation (curse)
Stlth    ++++++++..             (no ring)
HPRegen  0.64/turn              (no ring)
MPRegen  0.16/turn              (no ring)
                                (no ring)
                                (no ring)

@: very slightly contaminated, wreathed by umbra
A: almost no armour, stealthy swim, amphibious, 8 rings, constrict 8, repulsion
field 1, icy blue scales 1, camouflage 1, gelatinous body 1, MP-powered wands
a: Shadow Step, Shadow Form, Renounce Religion


You were in an ice cave.
You worshipped Dithmenos.
Dithmenos was extremely pleased with you.
You were not hungry.

You visited 2 branches of the dungeon, and saw 14 of its levels.
You visited the Abyss 1 time.
You also visited: Ossuary and Ice Cave.

You collected 665 gold pieces.
You spent 461 gold pieces at shops.

Inventory:

Hand Weapons
 f - a +7 long sword (weapon)
 l - a +2 war axe of flaming
 s - the +0 hand axe of the Desolation of Salt {holy, Dex+7}
   (You found it on level 7 of the Dungeon)

   It has been blessed by the Shining One to cause great damage to the undead
   and demons.
   It affects your dexterity (+7).
Missiles
 k - 13 boomerangs (quivered)
 o - 2 javelins
 p - 60 poisoned darts
 r - 2 curare-tipped darts
Armour
 a - the +0 helmet of Dyspraxia {rN+ Regen+ Str-3, unknown}
   (You found it on level 11 of the Dungeon)

   It affects your strength (-3).
   It protects you from negative energy.
   It increases your rate of regeneration.
 b - a +2 shield (worn)
Jewellery
 q - a +3 ring of protection (left tentacle)
 t - an amulet of regeneration (around mantle)
 E - a cursed ring of teleportation (on tentacle)
 F - a +6 ring of intelligence (right tentacle)
Wands
 n - a wand of acid (5)
 v - a wand of paralysis (3)
 z - a wand of polymorph (6)
 C - a wand of random effects (12)
 D - a wand of digging (3)
Scrolls
 i - 2 scrolls of amnesia
 w - a scroll of fear
 A - a scroll of remove curse
Potions
 g - a potion of brilliance
 h - 3 potions of lignification
 u - 3 potions of flight
Comestibles
 d - 20 rations


   Skills:
 * Level 9.0 Fighting
 + Level 9.6 Long Blades
 + Level 4.9 Throwing
 + Level 5.7 Dodging
 + Level 9.2 Stealth
 + Level 6.4 Shields
 * Level 4.4 Spellcasting
 + Level 2.2 Conjurations
 + Level 1.5 Hexes
 + Level 1.7 Translocations
 * Level 6.5 Invocations
 * Level 6.4 Evocations


You had 11 spell levels left.
You knew the following spells:

 Your Spells              Type           Power        Failure   Level  Hunger
a - Magic Dart            Conj           ##..         19%         1    None
b - Blink                 Tloc           N/A          34%         2    ##.....
c - Slow                  Hex            #.......     36%         2    ##.....
d - Gell's Gravitas       Tloc           #.........   56%         3    ###....

Your spell library contained the following spells:

 Spells                   Type           Power        Failure   Level  Hunger
 Confusing Touch          Hex            #.....       24%         1    None
 Beastly Appendage        Tmut           #.....       41%         1    None
 Call Imp                 Summ           #.......     56%         2    ##.....
 Corpse Rot               Necr           N/A          56%         2    ##.....
 Sticks to Snakes         Tmut           #.......     56%         2    ##.....
 Confuse                  Hex            #.......     58%         3    ###....
 Conjure Flame            Conj/Fire      #.......     65%         3    ###....
 Stone Arrow              Conj/Erth      #.....       65%         3    ###....
 Mephitic Cloud           Conj/Pois/Air  #.......     69%         3    ###....
 Spider Form              Tmut/Pois      #.........   80%         3    ###....
 Leda's Liquefaction      Hex/Erth       #.........   97%         4    ####...
 Ice Form                 Ice/Tmut       #.......     99%         4    ####...
 Petrify                  Tmut/Erth      #.......     99%         4    ####...
 Blade Hands              Tmut           #.........   100%        5    ######.
 Metabolic Englaciation   Hex/Ice        #.........   100%        5    ######.
 Summon Forest            Summ/Tloc      #.........   100%        5    ######.
 Yara's Violent Unravell  Hex/Tmut       #.........   100%        5    ######.
 Hydra Form               Tmut           #.........   100%        6    #######
 Summon Hydra             Summ           #.........   100%        7    #######


Dungeon Overview and Level Annotations

Branches:
Dungeon (13/15)            Temple (1/1) D:4            Lair (0/6) D:8
    Orc (0/2) D:12        Ossuary (visited)           IceCv (1/1)
 Vaults: D:13-14

Altars:
Ashenzari
Cheibriados
Dithmenos
Elyvilon
Fedhas
Gozag
Hepliaklqana
Kikubaaqudgha
Makhleb
Nemelex Xobeh
Okawaru
Qazlal
Ru
Sif Muna
Trog
Uskayaw
Vehumet
Wu Jian
Xom
Yredelemnul
Zin
The Shining One

Shops:
D:9 !   D:11 }

Annotations:
D:10 2 transporters, Dorkslayer's ghost, journeyman OpFi IceCv 1 transporter, exclusion: 2 ice statues


Innate Abilities, Weirdness & Mutations

You cannot wear most types of armour.
You are very stealthy in the water. (Stealth+)
You are amphibious.
You can wear up to eight rings at the same time.
You can use your tentacles to constrict eight enemies at once.
Your skin changes colour to match your surroundings (Stealth+).
Your rubbery body absorbs attacks. (AC +1, EV +1)
You are surrounded by a mild repulsion field. (EV +2)
You are partially covered in icy blue scales. (AC +2)
You expend magic power (3 MP) to strengthen your wands.


Message History

The bolt of cold hits the ice beast.
The ice beast completely resists.
The bolt of cold misses you. You block the ice beast's attack.
The ice statue glitters chillingly in the dim dungeon light.
The ice statue gestures at you. The freezing blast engulfs you!!
You are engulfed in freezing vapours.
* * * LOW HITPOINT WARNING * * *
The ice statue glitters chillingly in the dim dungeon light.
You see here a ration.
You block the ice beast's attack.
The white ugly thing is engulfed in freezing vapours.
The ice beast misses you.
There is a transporter here.
You enter the transporter and appear at another place.
You block the ice beast's attack. The ice beast hits you.
* * * LOW HITPOINT WARNING * * *
The ice beast freezes you!
* * * LOW HITPOINT WARNING * * *
The ice beast hits you.
You die...

##### ####...###
##........##
##..........#
##...........#
#.......8..$.#
#........Y(.8#
#.∩.∩....Y@Y©#
#######.........).8#
.Y...†........8..|.#
########....Y......#
##..........#
##........##
####...### #####


You could see 4 ice beasts.

Vanquished Creatures
  A two-headed ogre (D:8)
  2 unseen horrors
  A deep elf mage (D:7)
  An ugly thing (IceCv)
  A manticore (D:11)
  Joseph (D:8)
  A molten gargoyle (D:11)
  An ancient zyme (Abyss:1)
  2 hornets
  A troll (D:11)
  A hippogriff (D:12)
  2 vampires
  A wyvern (D:9)
  22 yaks
  A basilisk (D:12)
  A hungry ghost (D:8)
  2 wargs (D:8)
  3 water moccasins
  A sky beast (D:8)
  A phantom (D:11)
  10 ice beasts
  2 eyes of draining
  6 orc warriors
  5 ogres
  9 centaurs
  3 big kobolds
  8 bullfrogs
  A wyvern zombie (D:6)
  3 scorpions
  5 wights (D:6)
  9 howler monkeys
  A lava snake (D:11)
  2 crimson imps
  2 bullfrog zombies
  10 jellies
  7 orc wizards
  13 orc priests
  4 centaur skeletons
  6 hounds
  Crazy Yiuf (D:5)
  3 bullfrog skeletons
  Jessica (D:3)
  4 iguanas
  Terence (D:3)
  Natasha (thrice) (D:3)
  6 worker ants
  A hound skeleton (D:8)
  13 mummies (Ossuary)
  12 adders
  2 shadow imps
  11 white imps (D:13)
  An ufetubus (D:3)
  12 oozes
  An adder skeleton (D:2)
  2 worms
  3 dart slugs
  7 leopard geckos
  56 orcs
  A giant cockroach (D:1)
  6 goblins
  7 hobgoblins
  6 jackals
  5 quokkas
  3 ball pythons (D:2)
  11 bats
  2 frilled lizards
  4 gnoll skeletons (Ossuary)
  23 kobolds
  2 kobold skeletons (Ossuary)
  2 orc skeletons (Ossuary)
  4 rats
  11 rat skeletons (Ossuary)
  6 fungi (D:3)
386 creatures vanquished.

Vanquished Creatures (others)
  2 fungi (D:4)
  3 plants (D:4)
  10 toadstools (D:3)
15 creatures vanquished.

Grand Total: 401 creatures vanquished

Notes
Turn   | Place    | Note
-------+----------+-------------------------------------------
     0 | D:1      | Dorkslayer the Octopode Fighter began the quest for the
                  | Orb.
     0 | D:1      | Reached XP level 1. HP: 16/16 MP: 1/1
    32 | D:1      | Found a snail-covered altar of Cheibriados.
   114 | D:1      | Reached XP level 2. HP: 20/21 MP: 2/2
   818 | D:1      | Reached XP level 3. HP: 20/26 MP: 3/3
   985 | D:2      | Found an opulent altar of Gozag.
   985 | D:2      | Found a shimmering altar of Xom.
  1126 | D:2      | Found a faded altar of an unknown god.
  1309 | D:2      | Noticed an orc warrior
  1332 | D:2      | Killed an orc warrior
  1332 | D:2      | Reached skill level 1 in Throwing
  1332 | D:2      | Reached skill level 1 in Stealth
  1332 | D:2      | Reached XP level 4. HP: 23/33 MP: 4/4
  1332 | D:2      | Reached XP level 5. HP: 26/37 MP: 5/5
  1698 | D:3      | Noticed Terence
  1710 | D:3      | Killed Terence
  1710 | D:3      | Reached XP level 6. HP: 39/43 MP: 6/6
  1729 | D:3      | Noticed Natasha
  1737 | D:3      | Killed Natasha
  1789 | D:3      | Found a hide-covered altar of Uskayaw.
  1878 | D:3      | Noticed Jessica
  1884 | D:3      | Killed Jessica
  2001 | D:3      | Noticed Natasha
  2014 | D:3      | Killed Natasha
  2031 | D:3      | Cast into level 1 of the Abyss (orc)
  2062 | Abyss:1  | Noticed an ancient zyme
  2076 | Abyss:1  | Noticed a large abomination
  2084 | Abyss:1  | Noticed a raiju
  2105 | Abyss:1  | Killed an ancient zyme
  2105 | Abyss:1  | Reached skill level 5 in Fighting
  2105 | Abyss:1  | Reached XP level 7. HP: 18/50 MP: 7/7
  2108 | D:3      | Escaped the Abyss
  2109 | D:3      | HP: 2/50 [ufetubus (5)]
  2542 | D:3      | Noticed Natasha
  2552 | D:3      | Killed Natasha
  3285 | D:4      | Reached skill level 5 in Long Blades
  3285 | D:4      | Reached XP level 8. HP: 53/55 MP: 8/8
  3422 | D:4      | Found a staircase to the Ecumenical Temple.
  3434 | Temple   | Entered the Ecumenical Temple
  3465 | Temple   | Became a worshipper of Dithmenos the Shadowed
  3484 | D:4      | Found a shattered altar of Ashenzari.
  3488 | D:4      | Saw a vision of the Swamp and the Spider Nest.
  3488 | D:4      | Noticed an alligator
  3488 | D:4      | Noticed an alligator
  3488 | D:4      | Noticed a wolf spider
  3488 | D:4      | Noticed a wolf spider
  3488 | D:4      | Noticed a redback
  3488 | D:4      | Noticed a hornet
  3790 | D:5      | Entered Level 5 of the Dungeon
  3807 | D:5      | Found a runed translucent door.
  3808 | D:5      | Noticed Crazy Yiuf
  3816 | D:5      | Killed Crazy Yiuf
  4081 | D:5      | Reached skill level 5 in Stealth
  4325 | D:6      | Found a sand-covered staircase.
  4333 | Ossuary  | Entered an ossuary
  4421 | Ossuary  | Reached * piety under Dithmenos
  4517 | Ossuary  | Reached skill level 1 in Evocations
  4554 | Ossuary  | Reached skill level 1 in Invocations
  4656 | D:6      | Reached XP level 9. HP: 29/62 MP: 10/10
  4914 | D:6      | Reached skill level 5 in Shields
  4922 | D:6      | Reached ** piety under Dithmenos
  5429 | D:6      | Found a sacrificial altar of Ru.
  5433 | D:6      | Found a bloodstained altar of Trog.
  5436 | D:6      | Found an iron altar of Okawaru.
  5533 | D:6      | Found a sacrificial altar of Ru.
  5624 | D:7      | Got a dazzling hand axe
  5727 | D:7      | Noticed a deep elf mage
  5734 | D:7      | Killed a deep elf mage
  5818 | D:7      | Reached XP level 10. HP: 71/71 MP: 12/12
  5825 | D:7      | Learned a level 1 spell: Magic Dart
  5828 | D:7      | Learned a level 2 spell: Blink
  5831 | D:7      | Learned a level 2 spell: Slow
  6309 | D:8      | Found a staircase to the Lair.
  6311 | D:8      | Reached skill level 1 in Spellcasting
  6372 | D:8      | Noticed Joseph
  6381 | D:8      | Killed Joseph
  6531 | D:8      | Identified the cursed +0 hand axe of the Desolation of Salt
                  | {holy, Dex+7} (You found it on level 7 of the Dungeon)
  6831 | D:8      | Noticed a two-headed ogre
  6838 | D:8      | Killed a two-headed ogre
  6838 | D:8      | Reached skill level 1 in Conjurations
  6838 | D:8      | Reached skill level 1 in Hexes
  6838 | D:8      | Reached skill level 1 in Translocations
  7274 | D:9      | Reached *** piety under Dithmenos
  7274 | D:9      | Reached skill level 5 in Dodging
  7686 | D:9      | Found Voido's Distillery.
  7734 | D:9      | Bought a potion of curing for 45 gold pieces
  7734 | D:9      | Gained mutation: You are somewhat resistant to further
                  | mutation. [potion of mutation]
  7734 | D:9      | Gained mutation: Your body sometimes deteriorates upon
                  | taking damage. [potion of mutation]
  7735 | D:9      | Lost mutation: You are somewhat resistant to further
                  | mutation. [potion of mutation]
  7735 | D:9      | Lost mutation: Your body sometimes deteriorates upon taking
                  | damage. [potion of mutation]
  7735 | D:9      | Gained mutation: You are surrounded by a mild repulsion
                  | field. (EV +2) [potion of mutation]
  7735 | D:9      | Gained mutation: You expend magic power (3 MP) to
                  | strengthen your wands. [potion of mutation]
  7735 | D:9      | Gained mutation: You are partially covered in icy blue
                  | scales. (AC +2) [potion of mutation]
  7991 | D:10     | Entered Level 10 of the Dungeon
  8002 | D:10     | Reached XP level 11. HP: 77/77 MP: 14/14
  8060 | D:10     | Found a shimmering altar of Xom.
  8240 | D:10     | Reached skill level 5 in Invocations
  8250 | D:10     | Reached skill level 5 in Evocations
  8325 | D:10     | Reached **** piety under Dithmenos
  8461 | D:10     | Found a transporter.
  8464 | D:10     | Noticed a moth of wrath
  8468 | D:10     | Found a transporter.
  8472 | D:10     | Noticed Dorkslayer's ghost (journeyman OpFi)
  8473 | D:10     | Noticed a manticore
  8486 | D:10     | Noticed an ice dragon
  8863 | D:11     | Noticed a manticore
  8866 | D:11     | Killed a manticore
  9473 | D:11     | Found Dyanuch's Gadget Emporium.
  9564 | D:11     | Noticed a fire giant
  9581 | D:11     | Bought a wand of acid (9) for 416 gold pieces
  9709 | D:11     | Reached ***** piety under Dithmenos
  9794 | D:10     | Killed an unseen horror
 10138 | D:11     | Got a dazzling helmet
 10249 | D:12     | Killed an unseen horror
 10249 | D:12     | Reached XP level 12. HP: 57/84 MP: 9/18
 10360 | D:12     | Learned a level 3 spell: Gell's Gravitas
 10684 | D:12     | Found a staircase to the Orcish Mines.
 11274 | D:13     | Found a frozen archway.
 11303 | IceCv    | Entered an ice cave
 11396 | IceCv    | Found a transporter.
 11403 | IceCv    | Found a transporter.
 11431 | IceCv    | Slain by an ice beast

Levels and vault maps discovered:
D:1:      minmay_arrival_stone_box, layout_basic, cheibriados_altar_1
D:2:      layout_rooms, gammafunk_temple_overflow_wave,
          chequers_ecumenical_altar_lobes, kennysheep_big_empty_room,
          minmay_misc_feat_columns, ebering_dispersal_statue_hall
D:3:      cheibrodos_fertilizer, layout_basic, eat_drink_and_be_merry_uskayaw,
          uniq_natasha, uniq_jessica, uniq_terence
D:4:      layout_cave_pods, minmay_temple_entry_proselytizer, first_ration,
          grunt_ashenzari_visionary [grunt_ashenzari_visionary_swamp,
          grunt_ashenzari_visionary_spider]
D:5:      layout_basic, uniq_crazy_yiuf_cottage
D:6:      layout_loops_cross, minitemple, lightli_ossuary_entry_decrepit_ruins,
          st_stairs_8, grunt_ministairs_15, kennysheep_doodads,
          nicolae_ru_the_path_less_chosen
D:7:      layout_loops_ring, guppyfry_early_elven_hall
D:8:      layout_gridville, erik_lair_orcish_takeover, uniq_joseph
D:9:      layout_loops_ring, serial_shops, shop
D:10:     layout_roguey, gammafunk_ghost_berserking_beasts, basic_altar,
          hangedman_little_slice_of_home
D:11:     layout_gridville, serial_shops, nicolae_shop_stone,
          kennysheep_island_fort
D:12:     layout_cave_pods, hiddenorc2_lemuel
D:13:     cheibrodos_quadrivalence, layout_long_grid, david_vaults_2,
          portal_ice_cave_entry_imps, serial_bayou_crossing
Temple:   compressed_dpeg_circular_temple
IceCv:    ice_cave_statue_garden_transporter

Skill      XL: |  1  2  3  4  5  6  7  8  9 10 11 12 |
---------------+-------------------------------------+-----
Fighting       | 4 5 6 7 8 9 |  9.0
Long Blades    | 3 4 5 6 7 8 9 |  9.6
Throwing       | 1 2 3 4 |  4.9
Stealth        | 1 3 4 5 6 7 8 9 |  9.2
Shields        | 4 5 6 |  6.4
Dodging        | 4 5 |  5.7
Evocations     | 1 3 4 5 6 |  6.4
Invocations    | 1 3 4 6 |  6.5
Spellcasting   | 2 4 |  4.4
Conjurations   | 2 |  2.2
Hexes          | 1 |  1.5
Translocations | 1 |  1.7

Action                   |  1- 3 |  4- 6 |  7- 9 | 10-12 || total
-------------------------+-------+-------+-------+-------++-------
Melee: Long sword        |    67 |    45 |   257 |   395 ||   764
       Constrict         |    23 |     9 |    66 |    60 ||   158
       Tentacles         |     8 |     8 |    68 |    96 ||   180
Throw: Javelin           |     7 |     9 |     7 |    14 ||    37
       Dart              |     6 |    21 |     5 |     9 ||    41
       Boomerang         |       |       |    26 |    62 ||    88
 Cast: Magic Dart        |       |       |       |     3 ||     3
       Blink             |       |       |       |     2 ||     2
Evoke: Wand              |       |       |     5 |    55 ||    60
  Use: Potion            |     4 |     5 |     6 |    20 ||    35
       Scroll            |       |     7 |     5 |    17 ||    29
 Stab: Sleeping          |     5 |     4 |    26 |    26 ||    61
       Invisible         |       |       |       |     7 ||     7
       Paralysed         |       |       |       |     4 ||     4
       Distracted        |       |       |       |     1 ||     1
  Eat: Chunk             |     1 |     3 |     7 |    10 ||    21
       Ration            |       |       |     2 |     3 ||     5
Armor: Skin              |     3 |     1 |     2 |    30 ||    36
Dodge: Dodged            |    30 |    17 |    70 |   194 ||   311
Block: Shield            |    24 |    24 |    84 |   217 ||   349
       Rpst.: Long sword |     8 |     6 |    21 |    42 ||    77

Table legend:
 A = Non-vault XP
 B = Vault XP
 C = Vault XP percentage of total XP
 D = Non-vault monster count
 E = Vault monster count
 F = Vault count percentage of total count
                 A         B        C        D         E       F
            +---------+---------+-------+---------+---------+-------
      Total |   18379 |    4366 |  19.2 |     258 |     122 |  32.1
            +---------+---------+-------+---------+---------+-------
        D:1 |      38 |       0 |   0.0 |      23 |       0 |   0.0
        D:2 |     254 |       0 |   0.0 |      25 |       0 |   0.0
        D:3 |     189 |     244 |  56.4 |      21 |      18 |  46.2
        D:4 |     188 |      41 |  17.9 |      14 |       1 |   6.7
        D:5 |     580 |      39 |   6.3 |      13 |       1 |   7.1
        D:6 |    1344 |     228 |  14.5 |      22 |       3 |  12.0
        D:7 |     660 |     621 |  48.5 |      13 |       1 |   7.1
        D:8 |    2201 |     990 |  31.0 |      19 |       7 |  26.9
        D:9 |     858 |       0 |   0.0 |      22 |       0 |   0.0
       D:10 |    3518 |     165 |   4.5 |      23 |       8 |  25.8
       D:11 |    4714 |      46 |   1.0 |      34 |       1 |   2.9
       D:12 |    3468 |     325 |   8.6 |      28 |      32 |  53.3
       D:13 |       0 |     108 | 100.0 |       0 |      11 | 100.0
    Abyss:1 |     367 |       0 |   0.0 |       1 |       0 |   0.0
    Ossuary |       0 |     247 | 100.0 |       0 |      32 | 100.0
      IceCv |       0 |    1312 | 100.0 |       0 |       7 | 100.0
            +---------+---------+-------+---------+---------+-------
